 Dungeon Crawl Stone Soup version 0.26-a0-540-g8a0c9464d7 (webtiles) character file.

Game seed: 15719415350026590959

154973 kobby the Executioner (level 17, -7/163 HPs)
             Began as a Hill Orc Fighter on Aug 23, 2020.
             Was the Champion of Okawaru.
             Mangled by a merfolk impaler
             ... wielding a +1 demon trident of electrocution
              (12 damage)
             ... on level 4 of the Shoals.
             The game lasted 01:35:22 (24943 turns).

kobby the Executioner (Hill Orc Fighter)           Turns: 24943, Time: 01:35:24

Health: -7/163     AC: 27    Str: 28      XL:     17   Next: 64%
Magic:  16/17      EV:  9    Int:  8 (11) God:    Okawaru [******]
Gold:   1325       SH: 14    Dex:  7      Spells: 16/16 levels left

rFire    + . .     SeeInvis +   h - +8 broad axe of Bodily Harmony {speed, +Inv Str-3 Dex-4 SInv}
rCold    + . .     Faith    .   K - +2 buckler {AC+3}
rNeg     . . .     Spirit   .   I - +3 plate armour
rPois    .         Reflect  +   Q - +2 hat of Winter {Int+3}
rElec    .         Harm     .   w - scarf {rC+ rF+}
rCorr    .                      p - +2 pair of gloves
MR       ++...                  U - +0 pair of boots of Jiutamnufi {Regen+}
Stlth    ..........             a - amulet of reflection
HPRegen  0.77/turn              E - +4 ring of protection
MPRegen  0.15/turn              D - +6 ring of strength

@: berserk cooldown, very slightly contaminated, slowed, studying Unarmed
Combat, invisible (expiring), very slow
A: deformed body, magic resistance 1, wild magic 1
a: Heroism, Finesse, Renounce Religion


You were on level 4 of the Shoals.
You worshipped Okawaru.
Okawaru was exalted by your worship.
You visited 7 branches of the dungeon, and saw 30 of its levels.

You collected 2342 gold pieces.
You spent 1017 gold pieces at shops.

Inventory:

Hand Weapons
 h - the +8 broad axe of Bodily Harmony (weapon) {speed, +Inv Str-3 Dex-4 SInv}
   (Okawaru gifted it to you on level 4 of the Lair of Beasts)

   Attacks with this weapon are significantly faster.
   It affects your strength (-3).
   It affects your dexterity (-4).
   It lets you see invisible.
   It lets you turn invisible.
 k - the +6 rapier of the Radish {vorpal, +Rage Int-4 Dex+5, unknown}
   (You found it on level 5 of the Lair of Beasts)

   It inflicts extra damage upon your enemies.
   It affects your intelligence (-4).
   It affects your dexterity (+5).
   It lets you go berserk.
 v - the +12 quarterstaff of Premature Burial {drain, +Inv rElec rPois Stlth+, unknown}
   (You found it on level 1 of the Lair of Beasts)

   A truly terrible weapon, it drains the life of those it strikes.
   It insulates you from electricity.
   It protects you from poison.
   It lets you turn invisible.
   It makes you more stealthy.
 x - the +8 broad axe "Ososkar" {flame, rF+ Str+4 Dex+3}
   (You found it on level 4 of the Shoals)

   It has been specially enchanted to burn those struck by it, causing extra
   injury to most foes and up to half again as much damage against particularly
   susceptible opponents.
   Big, fiery blades are also staple armaments of hydra-hunters.
   It affects your strength (+4).
   It affects your dexterity (+3).
   It protects you from fire.
 H - a +2 hand axe of freezing
 J - the +1 broad axe "Xiyrob" {holy, *Slow rN+ Str+2}
   (Okawaru gifted it to you on level 15 of the Dungeon)

   It has been blessed by the Shining One to cause great damage to the undead
   and demons.
   It affects your strength (+2).
   It protects you from negative energy.
   It may slow you when you take damage.
 T - the +5 eveningstar "kobby's Curse" {flame, *Rage rC+ Str+4 Int+3, unknown}
   (You found it on level 2 of the Lair of Beasts)

   It has been specially enchanted to burn those struck by it, causing extra
   injury to most foes and up to half again as much damage against particularly
   susceptible opponents.
   It affects your strength (+4).
   It affects your intelligence (+3).
   It protects you from cold.
   It may make you go berserk in combat.
 Y - the +14 obsidian axe {vorpal, +Fly SInv *Curse}
   (Okawaru gifted it to you on level 1 of the Depths)

   It inflicts extra damage upon your enemies.
   It lets you see invisible.
   It lets you fly.
   It curses itself when equipped.
Armour
 b - the cursed +0 robe "Noorenis" {rPois rF- rCorr Int+7, unknown}
   (You found it on level 14 of the Dungeon)

   It affects your intelligence (+7).
   It makes you vulnerable to fire.
   It protects you from poison.
   It provides partial protection from all sources of acid and corrosion.
   It has a curse placed upon it.
 f - a scarf of shadows
 p - a +2 pair of gloves (worn)
 w - a scarf of resistance (worn)
 I - a +3 plate armour (worn)
 K - a +2 buckler of protection (worn)
 Q - the +2 hat of Winter (worn) {Int+3}
   (Okawaru gifted it to you on level 2 of the Lair of Beasts)

   It affects your intelligence (+3).
 U - the +0 pair of boots of Jiutamnufi (worn) {Regen+}
   (Okawaru gifted it to you on level 12 of the Dungeon)

   It increases your rate of regeneration.
 V - the +0 chain mail of Jigsaw {rPois rF+}
   (You found it on level 12 of the Dungeon)

   It protects you from fire.
   It protects you from poison.
Jewellery
 a - an amulet of reflection (around neck)
 d - an uncursed ring of protection from cold
 g - an uncursed ring of see invisible
 r - an uncursed ring of resist corrosion
 t - the ring "Jadu" {+Fly rN+}
   (You bought it in a shop on level 2 of the Orcish Mines)

   [ring of flight]

   It protects you from negative energy.
   It lets you fly.
 u - an uncursed ring of fire
 D - a +6 ring of strength (right hand)
 E - a +4 ring of protection (left hand)
Wands
 i - a wand of acid (12)
 P - a wand of flame (35)
 W - a wand of iceblast (24)
 X - a wand of disintegration (16)
Scrolls
 l - 8 scrolls of teleportation
 q - 5 scrolls of identify
 s - 11 scrolls of remove curse
 y - a scroll of blinking
 B - a scroll of magic mapping
 M - a scroll of silence
Potions
 c - 2 potions of might
 j - 4 potions of stabbing
 m - 8 potions of cancellation
 n - 9 potions of curing
 o - 7 potions of lignification
 z - 8 potions of haste
 A - a potion of brilliance
 C - a potion of degeneration
 F - 2 potions of ambrosia
 O - 2 potions of berserk rage
Books
 e - a manual of Unarmed Combat


   Skills:
 + Level 17.6 Fighting
   Level 4.7 Long Blades
 + Level 21.0 Axes
 + Level 0.3 Throwing
 + Level 12.7 Armour
 + Level 3.5 Dodging
 + Level 3.2 Stealth
 + Level 17.2 Shields
 + Level 1.5 Evocations


You had 16 spell levels left.
You didn't know any spells.
Your spell library contained the following spells:

 Spells                   Type           Power        Failure   Level
 Animate Skeleton         Necr           #.....       98%         1
 Apportation              Tloc           #.....       98%         1
 Beastly Appendage        Tmut           #.....       98%         1
 Corona                   Hex            #......      98%         1
 Freeze                   Ice            #...         98%         1
 Magic Dart               Conj           #...         98%         1
 Summon Small Mammal      Summ           #...         98%         1
 Searing Ray              Conj           #.....       99%         2
 Wereblood                Tmut           #.......     99%         2
 Dazzling Flash           Conj/Hex       #.....       100%        3
 Frozen Ramparts          Ice            #.....       100%        3
 Ozocubu's Armour         Ice            #.......     100%        3
 Spider Form              Tmut/Pois      #.........   100%        3
 Fulminant Prism          Conj/Hex       #.........   100%        4
 Hailstorm                Conj/Ice       #.......     100%        4
 Ice Form                 Ice/Tmut       #.......     100%        4
 Iskenderun's Mystic Bla  Conj/Tloc      #.......     100%        4
 Summon Ice Beast         Ice/Summ       #.......     100%        4
 Blade Hands              Tmut           #.........   100%        5


Dungeon Overview and Level Annotations

Branches:
Dungeon (15/15) Temple (1/1) D:7 Lair (6/6) D:8 Shoals (4/4) Lair:4 Snake (0/4) Lair:2 Slime (0/5) Lair:5 Orc (2/2) D:11 Elf (1/3) Orc:2 Vaults (0/5) D:12 D:13 Depths (1/5) D:15

Altars:
Ashenzari
Cheibriados
Dithmenos
Elyvilon
Fedhas
Gozag
Hepliaklqana
Kikubaaqudgha
Makhleb
Nemelex Xobeh
Okawaru
Qazlal
Ru
Sif Muna
Trog
Uskayaw
Vehumet
Wu Jian
Xom
Yredelemnul
Zin
The Shining One
Beogh
Jiyva

Shops:
D:6 ([[:   D:8 [   D:12 }   Orc:2 ***==   Shoals:3 (

Portals:
Hell: Depths:1
Trove: D:15 (give +6 demon whip)

Annotations:
Lair:1 exclusion: oklob plant
Lair:3 exclusion: 2 oklob plants
Depths:1 4 runed translucent doors, Somebody's ghost, journeyman DgIE


Innate Abilities, Weirdness & Mutations

Armour fits poorly on your strangely shaped body.
You are resistant to hostile enchantments. (MR+)
Your spells are a little harder to cast, but a little more powerful.


Message History

The merfolk impaler shouts!
The merfolk impaler shouts!
A merfolk impaler is nearby!
A merfolk impaler is nearby!
You feel a strong urge to attack something.
The merfolk impaler shouts!
The merfolk impaler shouts!
You feel your anger nearly subside.
The merfolk impaler shouts!
You are no longer berserk.
You are exhausted.
You feel yourself slow down.
The merfolk impaler shouts!
You slash the merfolk impaler!
The merfolk impaler is lightly wounded.
You flicker for a moment.
The merfolk impaler hits you with a +1 demon trident of electrocution!
* * * LOW HITPOINT WARNING * * *
You are electrocuted!
You die...

≈≈≈≈≈≈≈
≈≈≈≈≈≈≈
≈≈≈≈≈≈≈
≈≈≈≈≈≈≈
≈≈≈≈≈≈.
≈≈≈≈≈≈.
≈≈≈≈≈≈.##
≈≈≈≈≈≈..##
≈≈≈≈≈≈≈m@#
≈≈########


You could see a merfolk impaler.

Vanquished Creatures
  Gastronok (Lair:3)
  A frost giant (Depths:1)
  An orc warlord (Orc:2)
  Nessos (D:13)
  The ghost of Una Mij the Blocker, a journeyman DDFi of Makhleb (Lair:6)
  6 very ugly things (Depths:1)
  Azrael (D:14)
  3 merfolk javelineers
  An ettin (D:15)
  2 merfolk impalers (Shoals:4)
  Josephine (D:10)
  A yaktaur captain (Depths:1)
  10 hydras
  A rakshasa (Depths:1)
  A merfolk aquamancer (Shoals:2)
  2 ice dragons (Depths:1)
  A merfolk avatar (Shoals:3)
  A death knight (D:15)
  An ogre mage (Depths:1)
  An alligator snapping turtle (Shoals:1)
  6 centaur warriors
  2 tengu warriors (D:15)
  16 two-headed ogres
  3 satyrs
  A deep troll shaman (Depths:1)
  3 orc high priests (Orc:2)
  7 hell knights (Depths:1)
  The ghost of Xoff the Conjurer, a novice GnWn of Okawaru (D:7)
  A skeletal warrior (D:15)
  An iron troll (Depths:1)
  6 sea snakes (Shoals:4)
  2 deep trolls (Depths:1)
  3 unseen horrors
  A lindwurm (Lair:3)
  2 deep elf archers (D:15)
  A phantasmal warrior (D:15)
  18 harpies
  6 orc knights
  Pikel (D:6)
  A necromancer (Depths:1)
  6 orc sorcerers
  5 deep elf magi
  8 elephants
  18 ugly things
  5 fauns (Shoals:4)
  4 cyclopes
  The ghost of bulangja the Chopper, a novice OpFi of Cheibriados (D:6)
  5 manticores
  3 black mambas
  3 merfolk sirens (Shoals:4)
  A water nymph (Shoals:3)
  A gargoyle (D:15)
  7 cane toads
  10 yaktaurs
  2 efreet
  4 rime drakes
  6 komodo dragons
  A freezing wraith (D:15)
  14 merfolk
  2 polar bears (Lair:6)
  3 meliai (D:13)
  4 trolls
  17 blink frogs
  2 hornets
  5 slime creatures (D:14)
  A meliai zombie (D:12)
  2 snapping turtles
  7 dream sheep
  A redback (D:12)
  6 hippogriffs
  10 spriggans (Lair:6)
  48 yaks
  3 wyverns
  A shadow (D:15)
  2 vampires
  6 water elementals
  16 humans (D:12)
  8 basilisks
  2 fire elementals (D:14)
  9 wraiths
  A steam dragon (D:10)
  10 vampire mosquitoes
  3 soldier ants
  2 wargs (Orc:2)
  An acid dragon (D:15)
  2 hell hounds (D:14)
  25 water moccasins
  30 orc warriors
  11 porcupines
  5 black bears
  2 ice beasts
  6 sky beasts
  A necrophage (D:14)
  4 phantoms
  An eye of draining (D:12)
  5 boggarts (Lair:6)
  40 wolves
  10 ogres
  13 centaurs
  12 crocodiles
  A big kobold (D:14)
  12 bullfrogs
  A gnoll sergeant (D:11)
  2 wyvern zombies
  A water moccasin skeleton (D:5)
  A wyvern skeleton (D:13)
  7 scorpions
  13 wights
  6 killer bees (D:11)
  An electric eel (D:12)
  A spectral centaur (D:7)
  2 bullfrog zombies
  7 jellies
  2 quasits
  2 centaur zombies
  6 hounds
  3 human zombies (D:14)
  26 orc priests
  24 orc wizards
  A bullfrog skeleton (D:8)
  2 iguanas
  7 centaur skeletons
  9 worker ants
  A killer bee zombie (D:10)
  2 ogre zombies (D:14)
  A hound zombie (D:5)
  A mummy (D:14)
  A howler monkey zombie (D:7)
  2 worker ant zombies
  A howler monkey skeleton (D:7)
  22 adders
  3 gnolls (D:11)
  A shadow imp (D:6)
  2 white imps
  5 ufetubi
  An ooze (D:1)
  An adder zombie (D:2)
  A worm (D:4)
  2 dart slugs
  An adder simulacrum (D:7)
  8 leopard geckos
  101 orcs
  7 giant cockroaches
  5 goblins
  8 hobgoblins
  5 jackals
  7 quokkas
  2 ball pythons
  9 bats
  2 frilled lizards
  A giant cockroach zombie (D:6)
  A jackal skeleton (D:9)
  8 kobolds
  2 leopard gecko zombies
  A quokka skeleton (D:4)
  7 rats
  A butterfly (Lair:6)
  3 fungi
  4 plants (D:8)
  A tentacle (Shoals:4)
931 creatures vanquished.

Vanquished Creatures (others)
  A deep elf knight (D:15)
  An orc warrior (Orc:2)
  3 fungi
  4 plants
  3 tentacles (Shoals:4)
12 creatures vanquished.

Grand Total: 943 creatures vanquished

Notes
Turn   | Place    | Note
-------+----------+-------------------------------------------
     0 | D:1      | kobby the Hill Orc Fighter began the quest for the Orb.
     0 | D:1      | Reached XP level 1. HP: 19/19 MP: 1/1
   176 | D:1      | Reached XP level 2. HP: 21/27 MP: 2/2
   564 | D:1      | Reached XP level 3. HP: 17/33 MP: 3/3
  1385 | D:2      | Reached XP level 4. HP: 40/41 MP: 4/4
  1722 | D:2      | Found a bloodstained altar of Trog.
  1734 | D:2      | Found a radiant altar of Vehumet.
  1736 | D:2      | Found a sacrificial altar of Ru.
  1738 | D:2      | Found a snail-covered altar of Cheibriados.
  1738 | D:2      | Found a stormy altar of Qazlal.
  1743 | D:2      | Found a shimmering blue altar of Sif Muna.
  1915 | D:3      | Reached XP level 5. HP: 19/47 MP: 5/5
  2383 | D:3      | Reached skill level 1 in Axes
  3104 | D:4      | Reached skill level 2 in Axes
  3104 | D:4      | Reached XP level 6. HP: 53/53 MP: 6/6
  3141 | D:4      | Reached skill level 3 in Axes
  3917 | D:5      | Entered Level 5 of the Dungeon
  4114 | D:5      | Found a snail-covered altar of Cheibriados.
  4163 | D:5      | Reached skill level 4 in Axes
  4163 | D:5      | Reached XP level 7. HP: 50/60 MP: 7/7
  4461 | D:5      | Reached skill level 5 in Fighting
  4465 | D:5      | Reached skill level 5 in Axes
  4889 | D:5      | Reached skill level 5 in Shields
  5003 | D:5      | Reached skill level 5 in Armour
  5003 | D:5      | Reached skill level 1 in Dodging
  5063 | D:5      | Reached skill level 6 in Axes
  5313 | D:6      | Reached XP level 8. HP: 67/69 MP: 8/8
  5400 | D:6      | Found Unauv Bipuq's Antique Armour Shoppe.
  5403 | D:6      | Bought a glowing chain mail for 187 gold pieces
  5435 | D:6      | Found Sufig's Antique Armour Shoppe.
  5558 | D:6      | Noticed Pikel
  5559 | D:6      | Found Cekk's Book Shoppe.
  5579 | D:6      | Killed Pikel
  5579 | D:6      | Reached skill level 7 in Axes
  5607 | D:6      | Found Tozxeuj's Antique Weapon Shoppe.
  5724 | D:6      | Reached skill level 8 in Axes
  5724 | D:6      | Reached XP level 9. HP: 64/77 MP: 9/9
  5906 | D:6      | Found a runed translucent door.
  5907 | D:6      | Noticed bulangja's ghost (novice OpFi)
  5922 | D:6      | Killed bulangja's ghost
  6071 | D:6      | Reached skill level 9 in Axes
  6555 | D:7      | Found a runed translucent gate.
  6555 | D:7      | Found a runed translucent gate.
  6556 | D:7      | Found a runed translucent gate.
  6618 | D:7      | Found a staircase to the Ecumenical Temple.
  6657 | Temple   | Entered the Ecumenical Temple
  7385 | D:7      | Noticed Xoff's ghost (novice GnWn)
  7445 | D:7      | Killed Xoff's ghost
  7445 | D:7      | Reached skill level 10 in Axes
  7445 | D:7      | Reached XP level 10. HP: 72/86 MP: 10/10
  7789 | D:8      | Reached skill level 11 in Axes
  7797 | D:8      | Found Akenoefoxewn's Armour Emporium.
  7799 | D:8      | Noticed a two-headed ogre
  7820 | D:8      | Noticed a two-headed ogre
  7900 | D:8      | Killed a two-headed ogre
  7905 | D:8      | Killed a two-headed ogre
  7917 | D:8      | Reached skill level 12 in Axes
  8032 | D:8      | Found an iron altar of Okawaru.
  8032 | D:8      | Found a sparkling altar of Nemelex Xobeh.
  8037 | D:8      | Found a burning altar of Makhleb.
  8039 | D:8      | Found a faded altar of an unknown god.
  8040 | D:8      | Found a faded altar of an unknown god.
  8055 | D:8      | Became a worshipper of Warmaster Okawaru
  8162 | D:8      | Found a glowing silver altar of Zin.
  8260 | D:8      | Found a staircase to the Lair.
  8451 | D:9      | Reached * piety under Okawaru
  8451 | D:9      | Reached XP level 11. HP: 91/95 MP: 11/11
  8783 | D:9      | Reached skill level 13 in Axes
  8822 | D:9      | Reached ** piety under Okawaru
  9027 | D:9      | Reached skill level 1 in Stealth
  9125 | D:9      | Noticed a two-headed ogre
  9127 | D:9      | Killed a two-headed ogre
  9214 | D:10     | Entered Level 10 of the Dungeon
  9380 | D:10     | Noticed Josephine
  9388 | D:10     | Reached *** piety under Okawaru
  9388 | D:10     | Reached skill level 14 in Axes
  9395 | D:10     | Killed Josephine
 10217 | D:11     | Noticed a cyclops
 10218 | D:11     | Reached **** piety under Okawaru
 10221 | D:11     | Reached skill level 10 in Shields
 10227 | D:11     | Noticed a two-headed ogre
 10232 | D:11     | Killed a cyclops
 10232 | D:11     | Reached skill level 10 in Fighting
 10236 | D:11     | Killed a two-headed ogre
 10252 | D:11     | Reached XP level 12. HP: 106/106 MP: 12/12
 10413 | D:11     | Noticed a four-headed hydra
 10426 | D:11     | Killed a one-headed hydra
 10426 | D:11     | Reached ***** piety under Okawaru
 10509 | D:11     | Noticed a two-headed ogre
 10520 | D:11     | Killed a two-headed ogre
 10808 | D:11     | Reached skill level 15 in Axes
 11242 | D:11     | Found a staircase to the Orcish Mines.
 11263 | D:11     | Found a roughly hewn altar of Beogh.
 11827 | D:12     | Noticed a two-headed ogre
 11835 | D:12     | Killed a two-headed ogre
 11835 | D:12     | Received a gift from Okawaru
 11840 | D:12     | Got a pair of ichor-stained boots {god gift}
 11841 | D:12     | Identified the +0 pair of boots of Jiutamnufi {Regen+}
                  | (Okawaru gifted it to you on level 12 of the Dungeon)
 11900 | D:12     | Found Voyxacor's Gadget Boutique.
 12102 | D:12     | Got a spiked chain mail
 12103 | D:12     | Identified the +0 chain mail of Jigsaw {rPois rF+} (You
                  | found it on level 12 of the Dungeon)
 12232 | D:13     | Found a gate to the Vaults.
 12232 | D:13     | Noticed Nessos
 12232 | D:13     | Noticed a two-headed ogre
 12233 | D:13     | Noticed a two-headed ogre
 12247 | D:12     | Reached skill level 16 in Axes
 12394 | D:12     | Reached XP level 13. HP: 116/116 MP: 13/13
 12425 | D:13     | Killed Nessos
 12468 | D:13     | Reached ****** piety under Okawaru
 12548 | D:13     | Received a gift from Okawaru
 12947 | D:13     | Received a gift from Okawaru
 13472 | D:14     | Received a gift from Okawaru
 13472 | D:14     | Reached skill level 17 in Axes
 13497 | D:14     | Got a crude robe
 13568 | D:14     | Noticed Azrael
 13601 | D:14     | Killed Azrael
 13769 | D:14     | Found a sparkling altar of Nemelex Xobeh.
 13823 | D:14     | Reached skill level 10 in Armour
 13823 | D:14     | Reached XP level 14. HP: 96/129 MP: 14/14
 14092 | D:14     | Found a basalt altar of Yredelemnul.
 14358 | Lair:1   | Entered Level 1 of the Lair of Beasts
 14429 | Lair:1   | Got a pitted quarterstaff
 14440 | Lair:1   | You fall into a shaft and drop 1 floor!
 14619 | Lair:2   | Found a staircase to the Snake Pit.
 14660 | Lair:2   | Received a gift from Okawaru
 14663 | Lair:2   | Got a slimy hat {god gift}
 14664 | Lair:2   | Identified the +2 hat of Winter {Int+3} (Okawaru gifted it
                  | to you on level 2 of the Lair of Beasts)
 14774 | Lair:2   | Got a steaming eveningstar
 15152 | Lair:3   | Reached skill level 18 in Axes
 15192 | Lair:3   | Noticed Gastronok
 15214 | Lair:3   | Killed Gastronok
 16004 | Lair:4   | Found a staircase to the Shoals.
 16104 | Lair:4   | Received a gift from Okawaru
 16105 | Lair:4   | Got a faintly glowing broad axe {god gift}
 16106 | Lair:4   | Identified the +8 broad axe of Bodily Harmony {speed, +Inv
                  | Str-3 Dex-4 SInv} (Okawaru gifted it to you on level 4 of
                  | the Lair of Beasts)
 16214 | Lair:4   | Reached XP level 15. HP: 138/138 MP: 15/15
 16833 | Lair:5   | Got an ancient rapier
 16864 | Lair:5   | Found a staircase to the Slime Pits.
 16864 | Lair:5   | Found a viscous altar of Jiyva.
 17122 | Lair:5   | Reached skill level 15 in Shields
 17717 | Lair:6   | Entered Level 6 of the Lair of Beasts
 17917 | Lair:6   | Received a gift from Okawaru
 18138 | Lair:6   | Reached skill level 19 in Axes
 18202 | Lair:6   | Found a runed translucent gate.
 18204 | Lair:6   | Noticed Una Mij's ghost (journeyman DDFi)
 18205 | Lair:6   | Found a runed translucent gate.
 18208 | Lair:6   | Found a runed translucent gate.
 18245 | Lair:6   | Killed Una Mij's ghost
 18259 | Lair:6   | Reached skill level 15 in Fighting
 18954 | Orc:1    | Entered Level 1 of the Orcish Mines
 19427 | Orc:2    | Entered Level 2 of the Orcish Mines
 19452 | Orc:2    | Gained mutation: You are frail. (-10% HP) [a neqoxec]
 19607 | Orc:2    | Noticed an orc warlord
 19645 | Orc:2    | Killed an orc warlord
 19652 | Orc:2    | Found Zisethraj's Jewellery Emporium.
 19677 | Orc:2    | Bought an uncursed ring of protection from cold for 400
                  | gold pieces
 19737 | Orc:2    | Found Muco's General Store.
 19737 | Orc:2    | Found Ywuk's Assorted Antiques.
 19743 | Orc:2    | Found Nelel's Jewellery Shop.
 19743 | Orc:2    | Found Yttiysalo's General Store.
 19771 | Orc:2    | Bought the ring "Jadu" {+Fly rN+} for 430 gold pieces
 19805 | Orc:2    | Found an iron altar of Okawaru.
 19844 | Orc:2    | Found a staircase to the Elven Halls.
 20151 | Elf:1    | Entered Level 1 of the Elven Halls
 20403 | D:15     | Entered Level 15 of the Dungeon
 20403 | D:15     | Found a portal to a secret trove of treasure.
 20489 | D:15     | Received a gift from Okawaru
 20490 | D:15     | Got an ichor-stained broad axe {god gift}
 20491 | D:15     | Identified the +1 broad axe "Xiyrob" {holy, *Slow rN+
                  | Str+2} (Okawaru gifted it to you on level 15 of the
                  | Dungeon)
 20538 | D:15     | Found a staircase to the Depths.
 20544 | D:15     | Reached XP level 16. HP: 131/134 MP: 16/16
 20750 | D:15     | Received a gift from Okawaru
 21236 | D:15     | Reached skill level 20 in Axes
 21425 | Depths:1 | Entered Level 1 of the Depths
 21972 | Depths:1 | Found a runed translucent door.
 22028 | Depths:1 | Noticed a lich
 22029 | Depths:1 | Noticed a storm dragon
 22198 | Depths:1 | Identified the ring of the Albatross {Dex+4 Stlth-}
 22252 | Depths:1 | Received a gift from Okawaru
 22446 | Depths:1 | Found a runed translucent gate.
 22455 | Depths:1 | Found a runed translucent gate.
 22455 | Depths:1 | Found a runed translucent gate.
 22456 | Depths:1 | Noticed Somebody's ghost (journeyman DgIE)
 22459 | Depths:1 | Found a viscous altar of Jiyva.
 22645 | Depths:1 | Received a gift from Okawaru
 22645 | Depths:1 | Reached XP level 17. HP: 124/144 MP: 17/17
 22646 | Depths:1 | Found the +14 obsidian axe {vorpal, +Fly SInv *Curse}
 22713 | Depths:1 | Found a gateway to Hell.
 23043 | Shoals:1 | Entered Level 1 of the Shoals
 23060 | Shoals:1 | Identified a scroll of acquirement
 23060 | Shoals:1 | Acquired a manual of Unarmed Combat
 23919 | Shoals:4 | Entered Level 4 of the Shoals
 24170 | Shoals:3 | Found Tepsist's Weapon Shop.
 24180 | Shoals:3 | Reached skill level 1 in Evocations
 24188 | Shoals:3 | Lost mutation: You are frail. (-10% HP) [potion of
                  | mutation]
 24188 | Shoals:3 | Gained mutation: You are resistant to hostile enchantments.
                  | (MR+) [potion of mutation]
 24188 | Shoals:3 | Gained mutation: Armour fits poorly on your strangely
                  | shaped body. [potion of mutation]
 24188 | Shoals:3 | Gained mutation: Your spells are a little harder to cast,
                  | but a little more powerful. [potion of mutation]
 24304 | Shoals:4 | Received a gift from Okawaru
 24347 | Shoals:4 | Got a crude broad axe
 24348 | Shoals:4 | Identified the +8 broad axe "Ososkar" {flame, rF+ Str+4
                  | Dex+3} (You found it on level 4 of the Shoals)
 24610 | Shoals:4 | Noticed a kraken
 24883 | Shoals:4 | Reached skill level 21 in Axes
 24943 | Shoals:4 | HP: 5/163 [merfolk impaler/+1 demon trident of
                  | electrocution (7)]
 24943 | Shoals:4 | Mangled by a merfolk impaler

Illustrated notes

Levels and vault maps discovered:
D:1:      tarquinn_simple_flora_water_b, layout_loops_ring,
          minmay_misc_feat_encased, minmay_misc_feat_pillars, chequers_arboretum
D:2:      layout_loops_ring, minitemple
D:3:      layout_basic, kennysheep_decorative_pillar,
          wad_floor_pattern_untrapped
D:4:      layout_gridville, hangedman_decor_points, skrybe_limestone_x,
          minmay_splitting_lines, minmay_stone_trees_small
D:5:      layout_loops_ring, basic_altar
D:6:      layout_rooms, ebering_ghost_inner_flame, serial_shops,
          nicolae_shop_trees, kennysheep_mini_moat, shop, shop,
          minmay_increasing_density, uniq_pikel
D:7:      layout_rooms, minmay_temple_entry_arrows, serial_curves,
          eino_curves_03, eino_curves_03, gammafunk_ghost_necromancy
D:8:      layout_cave_pools, kennysheep_little_box,
          chequers_temple_overflow_minitemple, david_lair_shrubbed,
          serial_shops, shop, minmay_joined_circles
D:9:      layout_irregular_city
D:10:     layout_irregular_city, hangedman_pestilent_swarm, uniq_josephine
D:11:     layout_basic, minmay_orc_entry_temple_small
D:12:     layout_cave_pools, serial_shops, nicolae_shop_trees,
          kennysheep_diamond
D:13:     layout_irregular_city, david_vaults_3, enter_bailey_2,
          gauntlet_entry_generic
D:14:     layout_gridville, lemuel_mausoleum_altar_yredelemnul,
          nemelex_diamond_rough_becter, uniq_azrael
D:15:     hangedman_depths_entry_civil_slaughter, layout_small_grid,
          enter_trove_1, minivault_27
Temple:   hc_temple_tempest_star
Lair:1:   layout_hall_layers, gammafunk_ghost_ooze,
          nicolae_quartered_pool_super, minmay_lair_oklob_chamber,
          grunt_megastairs_2
Lair:2:   layout_big_grid, minmay_snake_entry_six_corridors
Lair:3:   dpeg_oklob_gauntlet, layout_gridlike, infiniplex_staircase_pool,
          uniq_gastronok
Lair:4:   layout_roguey, minmay_shoals_entry_beasts
Lair:5:   layout_layer_cave, slime_altar_1, kennysheep_basilisk_garden
Lair:6:   minmay_lair_end_enchanted_forest, layout_misc_corridors,
          gammafunk_ghost_split, minmay_stone_trees_medium, lemuel_fruit_fields,
          lemuel_fruit_fields
Shoals:1: layout_shoals
Shoals:2: layout_shoals
Shoals:3: layout_shoals, serial_shops, nicolae_shop_trees,
          nicolae_shoals_cliffside_cave, uniq_ilsuiw, uniq_polyphemus,
          uniq_bai_suzhen
Shoals:4: shoals_end_hangedman, layout_shoals, nicolae_shoals_isolated_beach
Orc:1:    layout_diamond_mine
Orc:2:    grunt_orc_tribal_feast, layout_caves, serial_shops, shop_coins,
          okawaru_metal_pillars_3
Elf:1:    minmay_elf_arrival_summoners, layout_gridlike,
          kennysheep_underground_church, fake_guardian_serpent_vault
Depths:1: layout_cave_shapes, gammafunk_ghost_ooze, grunt_hell_entry_dis_old,
          chequers_serial_rivers_marsh, minmay_misc_feat_columns,
          hangedman_abyss_or_decor_stabs, kennysheep_treasure_room

Skill      XL: |  1  2  3  4  5  6  7  8  9 10 11 12 13 14 15 16 17 |
---------------+----------------------------------------------------+-----
Fighting       | 4 5 6 7 8 10 11 13 14 15 16 17 | 17.6
Armour         | 4 5 6 7 8 9 10 11 12 | 12.7
Long Blades    | 3 4 |  4.7
Shields        | 4 5 6 7 9 10 11 13 14 15 16 17 | 17.2
Axes           | 2 4 6 8 10 12 14 16 17 18 19 20 21 | 21.0
Dodging        | 1 2 3 |  3.5
Stealth        | 1 3 |  3.2
Evocations     | 1 |  1.5
Throwing       | |  0.3

Action                   |  1- 3 |  4- 6 |  7- 9 | 10-12 | 13-15 | 16-18 || total
-------------------------+-------+-------+-------+-------+-------+-------++-------
Melee: Long sword        |    85 |    48 |     8 |       |       |       ||   141
       War axe           |       |   148 |   250 |   678 |   677 |    28 ||  1781
       Hand axe          |       |       |       |       |    46 |       ||    46
       Broad axe         |       |       |       |       |   460 |   603 ||  1063
Throw: Dart              |       |     1 |     1 |       |       |       ||     2
 Abil: Evoke Invisibilit |       |       |       |       |       |     1 ||     1
Evoke: Wand              |       |       |       |       |       |    13 ||    13
  Use: Scroll            |       |    10 |     5 |     4 |    17 |     9 ||    45
       Potion            |       |       |     4 |       |     8 |    12 ||    24
 Stab: Invisible         |       |       |       |       |       |    10 ||    10
Armor: Scale mail        |    43 |   111 |    26 |       |       |       ||   180
       Chain mail        |       |       |    83 |    13 |       |       ||    96
       Plate armour      |       |       |       |   301 |   333 |   202 ||   836
Dodge: Dodged            |    27 |    72 |    53 |   128 |   197 |   120 ||   597
Block: Kite shield       |    43 |   124 |   133 |   534 |   877 |    75 ||  1786
       Reflection        |       |       |       |     7 |    33 |    39 ||    79
       Buckler           |       |       |       |       |       |   270 ||   270
       Rpst.: Long sword |     8 |     5 |     1 |       |       |       ||    14

Table legend: (Time is in decaauts)
 A = Elapsed time spent in this place.
 B = Non-inter-level travel time spent in this place.
 C = Inter-level travel time spent in this place.
 D = Time resting spent in this place.
 E = Time spent auto-exploring this place.
 F = Levels seen in this place.
 G = Mean time per level.
                   A        B        C        D        E       F      G
               +--------+--------+--------+--------+--------+-----+--------+
         Total |  24276 |  23466 |    810 |   2459 |  14307 |  30 |  809.2 |
       Dungeon |  15212 |  14722 |    490 |   1330 |   9374 |  15 | 1014.1 |
        Temple |    440 |    440 |      0 |      0 |    318 |   1 |  440.0 |
          Lair |   4328 |   4061 |    267 |      0 |   2931 |   6 |  721.3 |
        Shoals |   1784 |   1784 |      0 |    768 |    344 |   4 |  446.0 |
  Orcish Mines |   1212 |   1160 |     52 |     83 |    713 |   2 |  606.0 |
   Elven Halls |     23 |     23 |      0 |      0 |      0 |   1 |   23.0 |
        Depths |   1274 |   1274 |      0 |    278 |    625 |   1 | 1274.0 |
               +--------+--------+--------+--------+--------+-----+--------+

Top non-repeatable levels by time:
     D:5: 1407 daAuts
    D:11: 1350 daAuts
     D:3: 1306 daAuts
Depths:1: 1274 daAuts
     D:6: 1078 daAuts
  Lair:5: 1048 daAuts
    D:10: 1034 daAuts
     D:1: 1000 daAuts
    D:13: 944 daAuts
    D:15: 936 daAuts
  Lair:3: 929 daAuts
    D:12: 924 daAuts
     D:7: 900 daAuts
     D:8: 899 daAuts
    D:14: 879 daAuts
